 Dungeon Crawl Stone Soup version 0.23.0 (webtiles) character file.

Game seed: 16530498376027488574

7296 Folque the Geomancer (level 10, -7/73 HPs)
             Began as a Green Draconian Earth Elementalist on Feb 13, 2019.
             Was a Priest of Sif Muna.
             Mangled by a five-headed hydra (11 damage)
             ... on level 9 of the Dungeon.
             The game lasted 00:41:15 (11168 turns).

Folque the Geomancer (DrEE)                        Turns: 11168, Time: 00:41:18

Health: -7/73      AC:  9    Str: 11    XL:     10   Next: 89%
Magic:  10/17      EV: 15    Int: 19    God:    Sif Muna [***...]
Gold:   575        SH:  0    Dex: 11    Spells: 4/19 levels left

rFire    . . .     SeeInvis .   q - +0 rapier
rCold    . . .     Gourm    .   (no shield)
rNeg     . . .     Faith    .   (armour unavailable)
rPois    +         Spirit   .   (helmet restricted)
rElec    .         Reflect  .   j - +0 cloak
rCorr    .         Harm     .   (no gloves)
MR       .....                  t - +0 pair of boots
Stlth    ++........             (no amulet)
HPRegen  0.22/turn              (no ring)
MPRegen  0.15/turn              (no ring)

@: divine energy
A: breathe noxious fumes, unfitting armour, poison resistance, cold-blooded, AC
+7
a: Breathe Noxious Fumes, Stop Divine Energy, Channel Magic, Renounce Religion


You were on level 9 of the Dungeon.
You worshipped Sif Muna.
Sif Muna was most pleased with you.
You were not hungry.

You visited 2 branches of the dungeon, and saw 10 of its levels.
You also visited: Ossuary.

You collected 645 gold pieces.
You spent 70 gold pieces at shops.

Inventory:

Hand Weapons
 e - a +0 dagger
 q - a +0 rapier (weapon)
 v - a +2 short sword of draining
Missiles
 b - 184 stones (quivered)
 l - 6 tomahawks of returning
Armour
 j - a +0 cloak (worn)
 t - a +0 pair of boots (worn)
Jewellery
 i - an uncursed ring of see invisible {unknown}
 u - a cursed ring of teleportation {unknown}
 z - a +5 ring of protection {unknown}
 D - an uncursed amulet of rage {unknown}
 M - an uncursed amulet of regeneration {unknown}
 Q - an uncursed amulet of faith {unknown}
 S - a cursed -2 ring of dexterity {unknown}
Wands
 y - a wand of scattershot (11)
 A - a wand of iceblast (23)
 B - a wand of random effects (47)
 E - a wand of paralysis (2)
 I - a wand of polymorph (14)
Scrolls
 a - 5 scrolls of remove curse
 d - 3 scrolls of fear {unknown}
 f - 6 scrolls of identify
 g - 4 scrolls of blinking {unknown}
 k - 5 scrolls of teleportation
 n - a scroll of enchant weapon {unknown}
 o - 5 scrolls of amnesia {unknown}
 K - a scroll of noise {unknown}
 L - 2 scrolls of enchant armour {unknown}
 N - a scroll of magic mapping {unknown}
Potions
 h - 3 potions of haste
 m - a potion of magic {unknown}
 p - 5 potions of might {unknown}
 r - 2 potions of brilliance {unknown}
 s - 3 potions of ambrosia {unknown}
 w - a potion of agility {unknown}
 x - a potion of lignification {unknown}
 F - a potion of berserk rage {unknown}
 G - 2 potions of resistance {unknown}
 H - 5 potions of curing {unknown}
 J - 2 potions of flight {unknown}
 O - a potion of invisibility {unknown}
 P - a potion of degeneration {unknown}
Comestibles
 c - 14 rations
 R - a chunk of flesh


   Skills:
 - Level 2.1 Fighting
 - Level 4.0 Short Blades
 + Level 6.2 Dodging
 - Level 4.0 Stealth
 - Level 5.0 Spellcasting
 + Level 4.2 Conjurations
 + Level 2.9 Transmutations
 * Level 12.0 Earth Magic
 * Level 2.8 Invocations


You had 4 spell levels left.
You knew the following spells:

 Your Spells              Type           Power        Failure   Level  Hunger
a - Sandblast             Erth           ######       1%          1    None
b - Passwall              Tmut/Erth      ####....     1%          2    #......
c - Stone Arrow           Conj/Erth      #####.       1%          3    ##.....
d - Lee's Rapid Deconstr  Erth           ######....   2%          5    ######.
e - Petrify               Tmut/Erth      ####....     6%          4    ####...

Your spell library contained the following spells:

 Spells                   Type           Power        Failure   Level  Hunger


Dungeon Overview and Level Annotations

Branches:
Dungeon (9/15)             Temple (1/1) D:7
   Lair: D:8-11         Orc: D:9-12

Altars:
Ashenzari
Cheibriados
Dithmenos
Elyvilon
Fedhas
Gozag
Hepliaklqana
Kikubaaqudgha
Makhleb
Nemelex Xobeh
Okawaru
Qazlal
Ru
Sif Muna
Trog
Uskayaw
Vehumet
Wu Jian
Xom
Yredelemnul
Zin
The Shining One

Shops:
D:4 ?%   D:7 ![%

Annotations:
D:2 Purgy
D:4 3 runed translucent doors, HungrySpirit's ghost, amateur FoFi
D:5 3 runed translucent doors, matthes123's ghost, amateur FoFi


Innate Abilities, Weirdness & Mutations

You can breathe blasts of noxious fumes.
Your lurid green scales are hard. (AC +7)
You cannot fit into any form of body armour.
Your system is resistant to poisons. (rPois)
You are cold-blooded and may be slowed by cold attacks.


Message History

The five-headed hydra bites you but does no damage.
The five-headed hydra misses you. x2; The five-headed hydra bites you!
* * * LOW HITPOINT WARNING * * *
Casting: Petrify (safe; 6% risk of failure)
Confirm with . or Enter, or press ? or * to list all spells.
Aiming: Petrify (safe; 6% risk of failure)
Press: ? - help, Shift-Dir - straight line, f/p - five-headed hydra
Aim: a five-headed hydra (chance to defeat MR: 27%)
Okay, then.
Evoke which item? (* to show all) (? for menu, Esc to quit)
Aiming: Paralyse
Press: ? - help, Shift-Dir - straight line, f/p - five-headed hydra
Aim: a five-headed hydra (chance to defeat MR: 15%)
The five-headed hydra resists with almost no effort.
Something unseen opens the door.
The five-headed hydra bites you!
* * * LOW HITPOINT WARNING * * *
The five-headed hydra misses you.
The five-headed hydra barely misses you.
The five-headed hydra bites you!
You die...

.........#............###.#
...........##########.....#
####._..#..#..#..#..'.#####
#...###.#.('..'..#.# #.#.#
#.##'#######.## #...#
#.#.)# #..# ###.###.#..#
e#..####
######.....##'####'##.....#
...........#..'.@D..#.....#
......###..#..#..#..#.....#
####..####.##########..##.#
..................[...###.#
..........................#
#.........................#
#.........................#
.(........................#
..........................#


You could see a five-headed hydra and a deep elf archer (sleeping).

Vanquished Creatures
  Harold (D:8)
  A centaur warrior (D:9)
  Pikel (D:9)
  A deep elf mage (D:7)
  Joseph (D:9)
  2 hippogriffs
  A spriggan (D:7)
  A hungry ghost (D:7)
  Menkaure (D:7)
  Edmund (D:6)
  An orc warrior (D:8)
  A sky beast (D:9)
  2 slaves (D:9)
  5 ice beasts
  2 necrophages
  2 ogres
  A centaur (D:8)
  A crocodile (D:8)
  2 big kobolds
  6 bullfrogs
  8 scorpions
  7 wights
  A howler monkey (D:5)
  A crimson imp (D:6)
  3 centaur zombies (Ossuary)
  6 hounds
  4 jellies
  A human zombie (Ossuary)
  6 orc wizards
  4 bullfrog skeletons
  A centaur skeleton (D:7)
  A gnoll shaman (D:8)
  4 iguanas
  8 worker ants
  2 big kobold zombies (Ossuary)
  A hound skeleton (D:4)
  3 mummies (Ossuary)
  A worker ant zombie (D:9)
  A howler monkey skeleton (D:5)
  7 gnolls
  6 adders
  3 scorpion zombies (Ossuary)
  A shadow imp (D:6)
  An ooze (D:3)
  An adder zombie (D:7)
  2 adder skeletons
  2 worms
  A dart slug (D:1)
  3 leopard geckos
  22 orcs
  6 giant cockroaches
  A gnoll zombie (Ossuary)
  6 goblins
  14 hobgoblins
  11 jackals
  5 quokkas
  5 bats
  5 frilled lizards
  5 goblin zombies (Ossuary)
  A hobgoblin zombie (Ossuary)
  19 kobolds
  A kobold zombie (Ossuary)
  2 quokka skeletons
  2 quokka zombies
  6 rats
235 creatures vanquished.

Vanquished Creatures (others)
  2 scorpions (Ossuary)
  An orc wizard (D:4)
  A fungus (D:4)
  3 plants (D:4)
7 creatures vanquished.

Grand Total: 242 creatures vanquished

Notes
Turn   | Place    | Note
-------+----------+-------------------------------------------
     0 | D:1      | Folque the Draconian Earth Elementalist began the quest for
                  | the Orb.
     0 | D:1      | Reached XP level 1. HP: 14/14 MP: 3/3
   367 | D:1      | Reached skill level 1 in Fighting
   767 | D:1      | Reached XP level 2. HP: 23/23 MP: 5/5
  1311 | D:2      | Reached XP level 3. HP: 24/29 MP: 4/6
  1372 | D:2      | Found a white marble altar of Elyvilon.
  1445 | D:2      | Learned a level 2 spell: Passwall
  1449 | D:2      | Learned a level 3 spell: Stone Arrow
  1511 | D:2      | Found a shadowy altar of Dithmenos.
  1605 | D:2      | Found a hazy altar of Hepliaklqana.
  1669 | D:2      | Reached XP level 4. HP: 24/36 MP: 2/8
  2349 | D:3      | Noticed Purgy
  2928 | D:3      | Found a shimmering altar of Xom.
  2984 | D:3      | Found a bloodstained altar of Trog.
  3022 | D:3      | Reached skill level 1 in Conjurations
  3132 | D:3      | Found a radiant altar of Vehumet.
  3209 | D:4      | Reached XP level 5. HP: 30/41 MP: 10/10
  3304 | D:4      | Found a runed translucent gate.
  3305 | D:4      | Found a runed translucent gate.
  3347 | D:4      | Learned a level 5 spell: Lee's Rapid Deconstruction
  3370 | D:4      | Found Ximewn's Magic Scroll Shoppe.
  3381 | D:4      | Reached skill level 4 in Earth Magic
  3423 | D:4      | Found an iron altar of Okawaru.
  3443 | D:4      | Reached XP level 6. HP: 46/48 MP: 1/12
  3608 | D:4      | Found a runed translucent gate.
  3608 | D:4      | Noticed HungrySpirit's ghost (amateur FoFi)
  3748 | D:5      | Entered Level 5 of the Dungeon
  3791 | D:5      | Reached skill level 5 in Earth Magic
  4223 | D:5      | Your scales start taking on a lurid green colour.
  4223 | D:5      | Reached XP level 7. HP: 45/55 MP: 7/14
  4223 | D:5      | Gained mutation: Your system is resistant to poisons.
                  | (rPois) [Green Draconian growth]
  4413 | D:5      | Reached skill level 5 in Spellcasting
  4474 | D:5      | Found a runed translucent gate.
  4474 | D:5      | Found a runed translucent gate.
  4474 | D:5      | Found a runed translucent gate.
  4474 | D:5      | Noticed matthes123's ghost (amateur FoFi)
  4500 | D:5      | Reached skill level 6 in Earth Magic
  4510 | D:5      | Learned a level 4 spell: Petrify
  5176 | D:5      | Reached skill level 1 in Short Blades
  5437 | D:6      | Reached XP level 8. HP: 46/61 MP: 0/15
  5687 | D:6      | Found a sacrificial altar of Ru.
  5787 | D:6      | Reached skill level 7 in Earth Magic
  6006 | D:6      | Noticed Edmund
  6022 | D:6      | Killed Edmund
  6390 | D:7      | Found Veghits's Food Shoppe.
  6418 | D:7      | Found Jiuf Dac's Armour Shop.
  6430 | D:7      | Reached skill level 8 in Earth Magic
  6799 | D:7      | Found Lupeq's Distillery.
  6811 | D:7      | Bought a potion of heal wounds for 70 gold pieces
  6910 | D:7      | Reached XP level 9. HP: 66/67 MP: 12/16
  7026 | D:7      | Noticed Menkaure
  7031 | D:7      | Killed Menkaure
  7089 | D:7      | Found a staircase to the Ecumenical Temple.
  7098 | Temple   | Entered the Ecumenical Temple
  7238 | Temple   | Became a worshipper of Sif Muna the Loreminder
  7318 | D:7      | Noticed a deep elf mage
  7324 | D:7      | Killed a deep elf mage
  7324 | D:7      | Reached skill level 9 in Earth Magic
  7623 | D:4      | Found Emmoegea's Food Boutique.
  7991 | D:8      | Found a sparkling altar of Nemelex Xobeh.
  8049 | D:8      | Found a sand-covered staircase.
  8060 | Ossuary  | Entered an ossuary
  8519 | Ossuary  | Reached skill level 10 in Earth Magic
  8636 | Ossuary  | Reached * piety under Sif Muna
  9349 | D:8      | Found a sacrificial altar of Ru.
  9364 | D:8      | Found a blossoming altar of Fedhas.
  9402 | D:7      | Reached skill level 5 in Dodging
  9402 | D:7      | Reached XP level 10. HP: 69/73 MP: 0/17
  9566 | D:8      | Reached skill level 11 in Earth Magic
  9694 | D:8      | Reached ** piety under Sif Muna
  9743 | D:8      | Noticed Harold
  9793 | D:8      | Killed Harold
 10129 | D:9      | Found a burning altar of Makhleb.
 10151 | D:9      | Noticed Joseph
 10168 | D:9      | Killed Joseph
 10519 | D:9      | Noticed Pikel
 10546 | D:9      | Killed Pikel
 10546 | D:9      | Reached skill level 1 in Invocations
 10860 | D:9      | Found a runed translucent door.
 11043 | D:9      | Noticed a centaur warrior
 11061 | D:9      | Killed a centaur warrior
 11061 | D:9      | Reached *** piety under Sif Muna
 11061 | D:9      | Reached skill level 12 in Earth Magic
 11161 | D:9      | Noticed a five-headed hydra
 11168 | D:9      | Mangled by a five-headed hydra

Skill      XL: |  1  2  3  4  5  6  7  8  9 10 |
---------------+-------------------------------+-----
Fighting       | 1 2 |  2.1
Spellcasting   | 3 4 5 |  5.0
Conjurations   | 1 2 4 |  4.2
Earth Magic    | 4 5 6 8 10 12 | 12.0
Short Blades   | 1 3 4 |  4.0
Transmutations | 2 |  2.9
Stealth        | 2 4 |  4.0
Dodging        | 2 5 6 |  6.2
Invocations    | 2 |  2.8

Action                   |  1- 3 |  4- 6 |  7- 9 | 10-12 || total
-------------------------+-------+-------+-------+-------++-------
Melee: Unarmed           |    16 |       |       |       ||    16
       Dagger            |   105 |       |       |       ||   105
       Tailslap          |    17 |     8 |    22 |    10 ||    57
       Rapier            |     9 |    22 |       |     6 ||    37
       Short sword       |       |    92 |   176 |    69 ||   337
 Cast: Sandblast         |    21 |    24 |    54 |    16 ||   115
       Stone Arrow       |     1 |    23 |    95 |    24 ||   143
       Lee's Rapid Decon |       |       |     8 |     6 ||    14
       Passwall          |       |       |     1 |       ||     1
       Petrify           |       |       |     4 |    21 ||    25
Invok: Divine Energy     |       |       |     1 |     1 ||     2
       Stop Divine Energ |       |       |     1 |       ||     1
 Abil: Breathe Noxious F |       |       |     2 |     2 ||     4
Evoke: Wand              |       |       |       |     1 ||     1
  Use: Scroll            |     1 |     4 |       |       ||     5
       Potion            |       |       |     1 |     6 ||     7
 Stab: Sleeping          |     1 |     1 |     6 |     1 ||     9
       Petrified         |       |       |    15 |    41 ||    56
       Confused          |       |       |     1 |       ||     1
  Eat: Chunk             |     3 |    10 |    14 |     8 ||    35
       Ration            |       |       |     4 |     2 ||     6
Armor: Skin              |    40 |    46 |    58 |     7 ||   151
Dodge: Dodged            |    79 |    87 |   122 |    37 ||   325
